 Dungeon Crawl Stone Soup version 0.30-a0-748-ge6a52f7cba (webtiles) character file.

Game seed: 8300698596590308533

131 Newt the Shooter (level 5, 0/35 HPs)
             Began as a Kobold Hunter on Feb 8, 2023.
             Slain by a kobold
             ... wielding a +0 dagger
              (3 damage)
             ... on level 2 of the Dungeon.
             The game lasted 00:01:46 (1359 turns).

Newt the Shooter (Kobold Hunter)                    Turns: 1359, Time: 00:01:47

Health: 0/35       AC:  4    Str:  8    XL:     5   Next: 37%
Magic:  5/5        EV: 14    Int: 11    God:
Gold:   73         SH:  0    Dex: 20    Spells: 4/4 levels left

rFire   . . .      SeeInvis .    a - +0 shortbow
rCold   + . .      Faith    +    (shield currently unavailable)
rNeg    . . .      Spirit   .    c - +1 leather armour
rPois   .          Reflect  .    (no helmet)
rElec   .          Harm     .    (no cloak)
rCorr   .          Rampage  .    (no gloves)
Will    .....                    (no boots)
Stlth   +++                      e - amulet of faith
HPRegen 0.25/turn                i - ring of protection from cold
MPRegen 0.09/turn                (no ring)

@: no status effects
A: small, no large weapons, nightstalker 3
a: no special abilities


You were on level 2 of the Dungeon.
You visited 1 branch of the dungeon, and saw 2 of its levels.

You collected 73 gold pieces.

Inventory:

Hand Weapons
 a - a +0 shortbow (weapon)
Armour
 c - a +1 leather armour (worn)
Jewellery
 e - an amulet of faith (around neck)
 i - a ring of protection from cold (left hand)
Wands
 g - a wand of flame (27)
Scrolls
 b - a scroll of immolation
 f - a scroll of summoning
Potions
 d - 2 potions of attraction
 h - a potion of berserk rage
 j - a potion of brilliance
 l - a potion of haste
 m - a potion of flight {unknown}
 o - a potion of mutation {unknown}


   Skills:
 - Level 5.0 Fighting
 + Level 6.2 Ranged Weapons
 - Level 2.4 Dodging
 - Level 1.3 Stealth


You had 4 spell levels left.
You didn't know any spells.
Your spell library contained the following spells:

 Spells                   Type           Power      Damage    Failure   Level
 Beastly Appendage        Tmut           0%         N/A       45%         1
 Wereblood                Tmut           0%         N/A       61%         2
 Spider Form              Tmut/Pois      0%         N/A       83%         3


Dungeon Overview and Level Annotations

Branches:
Dungeon (2/15)

Altars:


Innate Abilities, Weirdness & Mutations

You are small and have problems with some larger weapons.
You are completely attuned to the shadows.


Message History

The arrow hits Natasha but does no damage.
Natasha is heavily wounded.
The kobold barely misses you. Natasha claws you. The kobold closely misses you.
You shoot an arrow. The arrow closely misses Natasha.
Natasha growls.
Natasha claws you! The white imp hits you. The white imp freezes you.
You resist.
* * * LOW HITPOINT WARNING * * *
The kobold hits you with a +0 dagger.
* * * LOW HITPOINT WARNING * * *
You are too injured to fight recklessly!
You are too injured to fight recklessly!
You are too injured to fight recklessly!
You are too injured to fight recklessly!
You are too injured to fight recklessly!
There are monsters nearby!
There are monsters nearby!
You are too injured to fight recklessly!
Unknown command.
The kobold attacks as you move away! The kobold hits you but does no damage.
The white imp barely misses you.
You shoot an arrow. The arrow hits Natasha!
Natasha is almost dead.
Natasha barely misses you. The white imp gestures at you.
The puff of frost hits you. You resist.
* * * LOW HITPOINT WARNING * * *
Natasha claws you.
* * * LOW HITPOINT WARNING * * *
Unknown command.
You shoot an arrow. The arrow hits Natasha!
You kill Natasha!
Natasha screams in pain as she dies!
The white imp disappears in a puff of smoke!
The kobold hits you but does no damage.
Your Ranged Weapons skill increases to level 6!
Unknown command.
You shoot an arrow. The arrow completely misses the kobold.
The kobold hits you with a +0 dagger.
You die...

*,**,*,,,,,,,,,,,,,,,,* #.....##
*,,,,+,,,,,,,,,,,,,,,,**##.....##
****+*,,,,,,,,,,,,,,,,**.'.....''
* *,,,,,,,,,,,.......,**,#.....##
* *,,,**+***###......,**,#.....##
* *,,,**,,,,,.'......,+,,#.....##
* *,,,+,******#......,***#.....##
* *,,,*,,,*** *#K§...,,,,+.....#
* *,,,***,,,####@####****#.....#
***,,,* ***,.....#### ###)###
,,,,,,****,,........########.#
,,,,,,,,,*,*#######...##...#)#
,,,,,,,,,,,* ###..)...#)####
,,****,,,,,********####....#)....
,,*****,,,,**,,,,,,........#.....
,,,,**,,,,+**,,,,,,......#.)....#
,,,,**,,,,,,*,,,,,,......###...#.


You could see a kobold.

Vanquished Creatures
  Natasha (twice) (D:2)
  Robin (D:2)
  A worm (D:2)
  3 dart slugs
  2 bats (D:1)
  2 endoplasms (D:2)
  3 giant cockroaches
  9 goblins
  7 hobgoblins
  7 jackals (D:1)
  4 quokkas
  6 ball pythons (D:1)
  A frilled lizard (D:2)
  3 kobolds (D:1)
  4 rats (D:1)
55 creatures vanquished.

Vanquished Creatures (collateral kills)
  A goblin (D:2)
1 creature vanquished.

Grand Total: 56 creatures vanquished

Notes
Turn   | Place    | Note
-------+----------+-------------------------------------------
     0 | D:1      | Newt the Kobold Hunter began the quest for the Orb.
     0 | D:1      | Reached XP level 1. HP: 12/12 MP: 1/1
    72 | D:1      | Reached XP level 2. HP: 18/18 MP: 2/2
   226 | D:1      | Reached XP level 3. HP: 11/23 MP: 3/3
  1016 | D:2      | Noticed Natasha
  1019 | D:2      | Killed Natasha
  1020 | D:2      | Reached XP level 4. HP: 30/30 MP: 4/4
  1094 | D:2      | Found a faded altar of an unknown god.
  1150 | D:2      | Noticed Robin
  1172 | D:2      | Reached skill level 5 in Fighting
  1181 | D:2      | Killed Robin
  1184 | D:2      | Reached XP level 5. HP: 16/35 MP: 5/5
  1345 | D:2      | Noticed Natasha
  1358 | D:2      | Killed Natasha
  1359 | D:2      | Reached skill level 6 in Ranged Weapons
  1359 | D:2      | Slain by a kobold

Illustrated notes

Levels and vault maps discovered:
D:1:      co_arrival_square_in_a_square_in_a_square, layout_basic
D:2:      layout_basic, shapermc_ecumenical_altar_venn, hangedman_decor_growths,
          grunt_ministairs_13, uniq_natasha, uniq_robin

Skill      XL: |  1  2  3  4  5 |
---------------+----------------+-----
Fighting       | 3 4 5 |  5.0
Ranged Weapons | 6 |  6.2
Dodging        | |  2.4
Stealth        | |  1.3

Action                     |  1- 3 |  4- 6 || total
---------------------------+-------+-------++-------
   Fire: Shortbow          |    75 |    60 ||   135
    Use: Scroll            |     8 |     1 ||     9
 Armour: Leather armour    |    21 |    12 ||    33
  Dodge: Dodged            |    62 |    31 ||    93

Table legend: (Time is in decaauts)
 A = Elapsed time spent in this place.
 B = Non-inter-level travel time spent in this place.
 C = Inter-level travel time spent in this place.
 D = Time resting spent in this place.
 E = Time spent auto-exploring this place.
 F = Levels seen in this place.
 G = Mean time per level.
                   A        B        C        D        E       F      G
               +--------+--------+--------+--------+--------+-----+--------+
         Total |   1406 |   1399 |      7 |     62 |   1060 |   2 |  703.0 |
       Dungeon |   1406 |   1399 |      7 |     62 |   1060 |   2 |  703.0 |
               +--------+--------+--------+--------+--------+-----+--------+

Top non-repeatable levels by time:
     D:1: 904 daAuts
     D:2: 502 daAuts
